 Dungeon Crawl Stone Soup version 0.30-b1-2-g02819fbbbe (webtiles) character file.

Game seed: 4531652165284808219

105 Arcadio the Grave Robber (level 4, -3/30 HPs)
             Began as a Mummy Necromancer on May 8, 2023.
             Killed from afar by an orc wizard (8 damage)
             ... with a magic dart
             ... on level 4 of the Dungeon.
             The game lasted 00:10:20 (3103 turns).

Arcadio the Grave Robber (Mummy Necromancer)        Turns: 3103, Time: 00:10:21

Health: -3/30      AC:  2    Str: 17    XL:     4   Next: 53%
Magic:  10/10      EV: 12    Int: 16    God:
Gold:   107        SH:  0    Dex: 12    Spells: 7/11 levels left

rFire   x . .        c - +0 short sword
rCold   + . .        (no shield)
rNeg    + + +        a - +0 robe
rPois   ∞            (no helmet)
rElec   .            (no cloak)
rCorr   .            (no gloves)
SInv    .            (no boots)
Will    .....        e - amulet of magic regeneration
Stlth   +            j - +6 ring of strength
HPRegen 0.25/turn    (no ring)
MPRegen 0.52/turn

%: faith
@: confused
A: cold resistance 1, negative energy resistance 3, torment resistance 2, heat
vulnerability 1, in touch with death 1, no potions, faith
a: no special abilities


You were on level 4 of the Dungeon.
You visited 1 branch of the dungeon, and saw 4 of its levels.

You collected 107 gold pieces.

Inventory:

Hand Weapons
 b - a +0 club
 c - a +0 short sword (weapon)
Armour
 a - a +0 robe (worn)
 h - a +2 leather armour of cold resistance
Jewellery
 e - an amulet of magic regeneration (around neck)
 j - a +6 ring of strength (left hand)
Scrolls
 d - 2 scrolls of teleportation {unknown}
 f - a scroll of amnesia {unknown}
 g - 4 scrolls of identify {unknown}
 i - a scroll of enchant weapon {unknown}
 k - a scroll of vulnerability {unknown}
 l - a scroll of fear {unknown}


   Skills:
 + Level 2.5 Dodging
 - Level 1.5 Stealth
 + Level 4.0 Spellcasting
 + Level 4.7 Necromancy


You had 7 spell levels left.
You knew the following spells:

 Your Spells              Type           Power      Damage    Failure   Level
a - Necrotise             Necr           100%       1d9       2%          1
b - Vampiric Draining     Necr           27%        2d7       7%          3

Your spell library contained the following spells:

 Spells                   Type           Power      Damage    Failure   Level
 Animate Dead             Necr           27%        N/A       24%         4
 Ensorcelled Hibernation  Hex/Ice        6%         N/A       26%         2
 Passwall                 Tmut/Erth      2%         N/A       26%         2
 Swiftness                Air            3%         N/A       45%         3
 Anguish                  Hex/Necr       8%         N/A       54%         4
 Agony                    Necr           27%        N/A       54%         5
 Animate Armour           Summ/Erth      6%         N/A       86%         4
 Iron Shot                Conj/Erth      1%         9d1       100%        6
 Enfeeble                 Hex            1%         N/A       100%        7
 Blade Hands              Tmut           Unusable   N/A       N/A         5

Dungeon Overview and Level Annotations

Branches:
Dungeon (4/15) Zot: 20896
 Temple: D:4-7

Altars:
Cheibriados

Shops:
D:2 (:

Annotations:
D:4 1 runed translucent door


Innate Abilities, Weirdness & Mutations

You are immune to poison.
Your flesh is cold resistant. (rC+)
You are immune to negative energy. (rN+++)
You are immune to unholy pain and torment.
You are vulnerable to heat. (rF-)
You are in touch with the powers of death.
You do not drink.
You have a special connection with the divine. (Faith)


Message History

Your adder skeleton is destroyed!
Casting: Necrotise (safe; 2% risk of failure)
Confirm with . or Enter, or press ? or * to list all spells.
Aiming: Necrotise (safe; 2% risk of failure)
Press: ? - help, Shift-Dir - straight line, f - orc
Aim: an orc, wielding a +0 dagger (chance to affect: 93%)
You feel a surge of power!
The orc writhes in agony!
You kill the orc!
The dead are walking!
You swap places.
Something hits you. Something hits you but does no damage.
Your orc skeleton closely misses the orc.
The orc hits your orc skeleton with a +0 flail.
Your orc skeleton hits the orc.
The orc hits your orc skeleton with a +0 flail.
Your orc skeleton is destroyed!
You miss something. Something hits you but does no damage.
You barely miss something.
You hear some strange, mumbled words.
A magic dart appears from out of thin air!
The magic dart hits you! Something hits you.
You miss something.
You hear some strange, mumbled words.
A magic dart appears from out of thin air!
The magic dart hits you.
You hit something. Something hits you.
You hit something but do no damage. Something hits you.
You closely miss something. Something hits you.
You miss something. Something hits you.
* * * LOW HITPOINT WARNING * * *
Something hits you.
* * * LOW HITPOINT WARNING * * *
You hear some strange, mumbled words.
You are confused.
You bump into the rock wall.
Something hits you but does no damage.
A magic dart appears from out of thin air!
The magic dart hits you!
You die...

#<...... ##### #.......
#.... #....... #.###
######....... #...# # #
#.oB..o# #.#####.# #.#.
#.####B# #.......# #...#
#.# #{# #.#####.#
#...B##B# #.# #...#
##.#...#o# #@##..# #.###
..<...).o# ####..# #....
....##...### #..# ########
. ###...# #..# #.# #
######.#####..# #.# #
+.............# #.######
######.....#..#####.......
##..>...........#####
#.###.#######..#


You could see an orc and a giant cockroach.

Vanquished Creatures
  4 adders
  2 worms
  An orc (D:4)
  6 endoplasms
  3 giant cockroaches (D:2)
  3 goblins
  4 hobgoblins
  2 jackals (D:2)
  5 kobolds
  2 quokkas (D:1)
  9 ball pythons
  4 bats
  3 frilled lizards
  8 rats
56 creatures vanquished.

Vanquished Creatures (collateral kills)
  A giant cockroach (D:1)
  A bat (D:1)
  A rat (D:1)
3 creatures vanquished.

Grand Total: 59 creatures vanquished

Notes
Turn   | Place    | Note
-------+----------+-------------------------------------------
     0 | D:1      | Arcadio the Mummy Necromancer began the quest for the Orb.
     0 | D:1      | Reached XP level 1. HP: 13/13 MP: 4/4
   133 | D:1      | Reached XP level 2. HP: 19/19 MP: 0/6
   726 | D:1      | Gained mutation: You are in touch with the powers of death.
                  | [Mummy growth]
   726 | D:1      | Reached XP level 3. HP: 23/24 MP: 7/7
   752 | D:1      | Learned a level 3 spell: Vampiric Draining
  1137 | D:2      | Found Ecaef's Weapon Boutique.
  1594 | D:2      | Reached XP level 4. HP: 25/30 MP: 9/9
  1629 | D:2      | Found Lakaamoc's Book Shoppe.
  1954 | D:3      | Identified the +3 dagger of Conformity {heavy, rElec rPois
                  | rC+ Will-}
  1959 | D:3      | Found a snail-covered altar of Cheibriados.
  2988 | D:4      | Found a runed translucent door.
  3103 | D:4      | Killed from afar by an orc wizard

Illustrated notes

Levels and vault maps discovered:
D:1:      tarquinn_simple_flora_water_e, layout_basic, minmay_misc_feat_plants,
          solitary_fountain
D:2:      layout_basic, serial_shops, shop, nicolae_shop_trees,
          kennysheep_generic_room_10
D:3:      layout_basic, mainiacjoe_overflow_six_doors_small
D:4:      layout_basic, nicolae_elyvilon_peaceful_grove, vehumet_crystals,
          serial_shops, nicolae_shop_rolled_up, shop, shop,
          kennysheep_mini_moat, shop, ebering_ghost_reflecting_pool,
          minmay_misc_feat_ornament, minivault_5, minmay_circle_x

Skill      XL: |  1  2  3  4 |
---------------+-------------+-----
Spellcasting   | 3 4 |  4.0
Dodging        | 2 |  2.5
Stealth        | |  1.5
Necromancy     | |  4.7

Action                     |  1- 3 |  4- 6 || total
---------------------------+-------+-------++-------
  Melee: Unarmed           |    10 |       ||    10
         Short sword       |    66 |    40 ||   106
         Club              |     5 |       ||     5
   Cast: Necrotise         |    55 |    14 ||    69
         Vampiric Draining |       |     1 ||     1
   Stab: Sleeping          |     4 |       ||     4
 Armour: Robe              |    24 |     8 ||    32
  Dodge: Dodged            |    55 |    19 ||    74
